 Dungeon Crawl Stone Soup version 0.29-a0-920-g5d2155ec51 (webtiles) character file.

Game seed: 3904942521603608936

90 Ajdolov the Cudgeller (level 4, -3/23 HPs)
             Began as a Vine Stalker Fighter on July 27, 2022.
             Killed from afar by Natasha (10 damage)
             ... with a puff of flame
             ... on level 2 of the Dungeon.
             The game lasted 00:01:50 (1738 turns).

Ajdolov the Cudgeller (Vine Stalker Fighter)        Turns: 1738, Time: 00:01:50

Health: -3/23      AC:  7    Str: 21    XL:     4   Next: 56%
Magic:  0/5        EV:  9    Int:  8    God:
Gold:   68         SH:  4    Dex: 13    Spells: 3/3 levels left

rFire   . . .      SeeInvis .   l - +0 whip
rCold   . . .      Faith    .   c - +0 buckler
rNeg    . . .      Spirit   +   b - +0 scale mail
rPois   .          Reflect  .   (no helmet)
rElec   .          Harm     .   (no cloak)
rCorr   .          Rampage  .   p - +0 pair of gloves
Will    .....                   (no boots)
Stlth   ..........              (no amulet)
HPRegen 0.87/turn               (no ring)
MPRegen 0.09/turn               (no ring)

@: no status effects
A: fangs 2, regeneration 1, magic shield, antimagic bite, no potion heal 2
a: no special abilities


You were on level 2 of the Dungeon.
You visited 1 branch of the dungeon, and saw 2 of its levels.

You collected 68 gold pieces.

Inventory:

Hand Weapons
 a - a +0 flail
 l - a +0 whip (weapon)
Armour
 b - a +0 scale mail (worn)
 c - a +0 buckler (worn)
 p - a +0 pair of gloves (worn)
Scrolls
 e - 3 scrolls of identify {unknown}
 f - 2 scrolls of poison {unknown}
 g - a scroll of immolation {unknown}
 h - 2 scrolls of blinking {unknown}
 i - a scroll of enchant armour {unknown}
 k - 2 scrolls of noise {unknown}
 m - a scroll of fog {unknown}
 q - a scroll of teleportation {unknown}
Potions
 d - a potion of might
 j - a potion of attraction {unknown}
 n - a potion of lignification
 o - a potion of curing {unknown}


   Skills:
 - Level 2.6 Fighting
 + Level 4.2 Maces & Flails
 - Level 2.4 Armour
 - Level 2.6 Shields


You had 3 spell levels left.
You didn't know any spells.
Your spell library was empty.

Dungeon Overview and Level Annotations

Branches:
Dungeon (2/15)

Altars:

Annotations:
D:2 Natasha


Innate Abilities, Weirdness & Mutations

You have extremely sharp teeth.
Your natural rate of healing is unusually fast.
When hurt, damage is shared between your health and your magic reserves.
Your bite disrupts and absorbs the magic of your enemies.
Potions cannot restore your health.


Message History

Natasha is nearby!
Natasha claws you.
You hit Natasha but do no damage. Natasha claws you.
You barely miss Natasha. You bite Natasha.
Natasha's magic leaks into the air.
You drain her magic.
You feel invigorated.
Natasha is moderately wounded.
You block Natasha's attack.
You barely miss Natasha. You bite Natasha, but do no damage.
Natasha is moderately wounded.
Natasha zaps a wand.
The puff of flame hits you!
You closely miss Natasha.
Natasha is moderately wounded.
Natasha barely misses you.
You closely miss Natasha. Your bite misses Natasha.
Natasha is moderately wounded.
Natasha claws you.
You hit Natasha.
Natasha is heavily wounded.
Natasha casts a spell at you. The magic dart hits you.
You hit Natasha but do no damage. You bite Natasha.
Natasha's magic leaks into the air.
You drain her magic.
You feel invigorated.
Natasha is severely wounded.
Natasha claws you.
You closely miss Natasha. Your bite misses Natasha.
Natasha is severely wounded.
Natasha casts a spell at you. The magic dart hits you.
* * * LOW HITPOINT WARNING * * *
You barely miss Natasha. Your bite misses Natasha.
Natasha is severely wounded.
Natasha claws you.
* * * LOW HITPOINT WARNING * * *
You closely miss Natasha. Your bite misses Natasha.
Natasha is severely wounded.
You barely miss Natasha.
Natasha is severely wounded.
Natasha's magic is no longer disrupted.
Natasha zaps a wand.
The puff of flame hits you!
You die...

#.#.##..........##.#.....#
#.#.##.......h............
#.#.............##.#.....#
#.####..........##.#.....#
#.# #.............#......
#.# #........######..####
#.# #....................
#.# #.#h####.######..####
#.# #...@............# #.#
###.####.#######.# #.#
##รท####.# #.# #.#
#.....#.# #.# #.#
#.....#.# #.# #.#
#.....#.#######.# #.#
#...............### #.#
#.......####......## #.#
#..........+........


You could see Natasha.

Vanquished Creatures
  Natasha (twice) (D:2)
  2 dart slugs
  3 ball pythons
  An endoplasm (D:1)
  2 giant cockroaches
  4 goblins (D:1)
  8 hobgoblins
  A quokka (D:1)
  5 bats (D:1)
  2 frilled lizards (D:1)
  A kobold (D:1)
  7 rats
38 creatures vanquished.

Vanquished Creatures (others)
  5 toadstools (D:1)
5 creatures vanquished.

Grand Total: 43 creatures vanquished

Notes
Turn   | Place    | Note
-------+----------+-------------------------------------------
     0 | D:1      | Ajdolov the Vine Stalker Fighter began the quest for the
                  | Orb.
     0 | D:1      | Reached XP level 1. HP: 11/11 MP: 2/2
    16 | D:1      | Reached skill level 2 in Maces & Flails
   175 | D:1      | Reached XP level 2. HP: 16/16 MP: 3/3
   468 | D:1      | Reached skill level 3 in Maces & Flails
   491 | D:1      | Reached XP level 3. HP: 18/19 MP: 4/4
   947 | D:1      | Found a faded altar of an unknown god.
  1368 | D:2      | Noticed Natasha
  1373 | D:2      | Killed Natasha
  1374 | D:2      | Gained mutation: Your natural rate of healing is unusually
                  | fast. [Vine Stalker growth]
  1374 | D:2      | Reached XP level 4. HP: 14/23 MP: 3/5
  1584 | D:2      | Noticed Natasha
  1597 | D:2      | HP: 1/34 [Natasha/puff of flame (6)]
  1607 | D:2      | Killed Natasha
  1608 | D:2      | Reached skill level 4 in Maces & Flails
  1719 | D:2      | Noticed Natasha
  1738 | D:2      | Killed from afar by Natasha

Illustrated notes

Levels and vault maps discovered:
D:1:      ldierk_walled_garden, layout_basic, chequers_ecumenical_altar_grove
D:2:      layout_basic, uniq_natasha, uniq_crazy_yiuf_cottage

Skill      XL: |  1  2  3  4 |
---------------+-------------+-----
Maces & Flails | 2 3 4 |  4.2
Fighting       | |  2.6
Armour         | |  2.4
Shields        | |  2.6

Action                   |  1- 3 |  4- 6 || total
-------------------------+-------+-------++-------
Melee: Flail             |    61 |       ||    61
       Bite              |    13 |     8 ||    21
       Whip              |    19 |    37 ||    56
  Use: Potion            |       |     1 ||     1
Armor: Scale mail        |    34 |     8 ||    42
       Skin              |       |     8 ||     8
Dodge: Dodged            |    32 |     3 ||    35
Block: Buckler           |    19 |     7 ||    26

Table legend: (Time is in decaauts)
 A = Elapsed time spent in this place.
 B = Non-inter-level travel time spent in this place.
 C = Inter-level travel time spent in this place.
 D = Time resting spent in this place.
 E = Time spent auto-exploring this place.
 F = Levels seen in this place.
 G = Mean time per level.
                   A        B        C        D        E       F      G
               +--------+--------+--------+--------+--------+-----+--------+
         Total |   1755 |   1732 |     23 |      4 |   1437 |   2 |  877.5 |
       Dungeon |   1755 |   1732 |     23 |      4 |   1437 |   2 |  877.5 |
               +--------+--------+--------+--------+--------+-----+--------+

Top non-repeatable levels by time:
     D:1: 1137 daAuts
     D:2: 617 daAuts
